Map: Blueshift LE

Players

PongO

  • Race: Terran Terran
  • League: Diamond
  • Spawn Location: 1:00

Slag - Winner!

  • Race: Zerg Zerg
  • League: Diamond
  • Spawn Location: 7:00

VOD

Have the link to the VOD?

Description

Time

  • Played on: Sept. 24, 2018, 12:55 p.m.
  • Length: 7:37
Show
View Real Time Build Order
Export as new Build Order

PongO Terran 

Build Orders: Reaper Expand 

Get SALT Encoding   

  12  0:01  SCV  
  13  0:13  SCV  
  14  0:18  Supply Depot  
  14  0:25  SCV  
  15  0:39  SCV  
  15  0:40  Barracks  
  16  0:46  Refinery  
  16  0:51  SCV  
  17  1:03  SCV  
  18  1:15  SCV  
  19  1:28  Orbital Command  
  19  1:29  Reaper  
  20  1:46  Command Center  
  20  1:54  SCV  
  21  2:06  Factory  
  21  2:08  SCV  
  22  2:10  Refinery  
  22  2:18  Supply Depot  
  22  2:20  SCV  
  23  2:30  Barracks Reactor  
  23  2:40  SCV  
  23  2:52  SCV  
  23  2:59  Starport  
  23  3:00  Hellion  
  23  3:04  SCV  
  26  3:07  Marine x2  
  28  3:16  SCV  
  29  3:32  Command Center  
  29  3:41  Barracks Tech Lab  
  29  3:47  Hellion  
  31  3:57  Supply Depot  
  31  4:06  Stimpack  
  31  4:18  Marine  
  31  4:19  Hellion, SCV, Medivac  
  37  4:30  Widow Mine  
  37  4:31  SCV  
  36  4:39  Supply Depot  
  36  4:41  Marine  
  36  4:43  SCV  
  38  4:45  Orbital Command  
  38  4:48  Barracks  
  38  4:49  Barracks  
  40  4:53  Hellion  
  40  5:00  Marine  
  40  5:02  Widow Mine  
  43  5:17  Marine  
  40  5:24  SCV  
  40  5:27  Widow Mine x2  
  41  5:37  Marine  
  41  5:38  Barracks Reactor  
  41  5:39  Barracks Reactor  
  42  5:45  Orbital Command  
  42  5:51  Widow Mine x2  
  42  5:52  SCV  
  42  5:54  Engineering Bay x2  
  42  5:56  Starport Reactor  
  45  5:57  Marine  
  45  5:58  Supply Depot  
  45  6:04  SCV  
  38  6:19  Liberator  
  38  6:22  Hellion, Marine  
  38  6:23  Marine  
  38  6:24  Marine x3  
  47  6:27  Hellion  
  47  6:28  SCV  
  48  6:37  Orbital Command  
  50  6:40  Marine  
  50  6:41  Marine  
  32  7:00  Supply Depot  
  32  7:08  SCV  
  33  7:12  Marine  
Show
View Real Time Build Order
Export as new Build Order

Slag Zerg - Winner!

Build Orders: Pool First 

Get SALT Encoding   

  12  0:00  Drone  
  13  0:09  Drone  
  14  0:14  Extractor  
  13  0:28  Spawning Pool  
  12  0:39  Drone x2  
  14  0:47  Overlord  
  14  1:06  Drone x2  
  16  1:18  Metabolic Boost  
  16  1:19  Zergling x2  
  17  1:37  Hatchery  
  16  1:43  Zergling x4  
  18  1:52  Drone  
  19  1:55  Drone  
  19  1:59  Queen  
  22  2:20  Overlord  
  22  2:21  Overlord  
  22  2:41  Queen  
  22  2:42  Zergling x4  
  26  2:56  Zergling x4  
  28  3:04  Drone x2  
  30  3:14  Zergling x4  
  30  3:15  Zergling x4  
  34  3:30  Drone x2  
  34  3:31  Drone  
  37  3:40  Queen  
  39  3:47  Drone x3  
  42  3:48  Drone x2  
  42  3:49  Hatchery  
  42  3:51  Overlord  
  43  4:05  Overlord  
  43  4:19  Drone x4  
  43  4:20  Drone x2  
  46  4:34  Zergling x4  
  48  4:39  Baneling Nest  
  47  4:48  Drone x8  
  55  5:14  Overlord x3  
  55  5:15  Zergling x10  
  55  5:16  Zergling x2  
  59  5:29  Zergling x12  
  65  5:36  Extractor x2  
  62  6:00  Drone x3  
  62  6:01  Drone x3  
  68  6:05  Spore Crawler  
  63  6:18  Baneling x4  
  60  6:19  Baneling x5  
  59  6:27  Zergling x2  
  59  6:28  Zergling x24  
  66  6:47  Zergling x2  
  66  6:48  Zergling x14  
  69  6:56  Baneling x8  
  64  7:10  Zergling x2  
  64  7:11  Zergling x10  
Tags
 
Add a new tag
Caveats
  • Supply blocks, unpowered buildings, or Contaminate may cause inaccurate times.
  • Supply counts are checked every 10 seconds.